 Dungeon Crawl Stone Soup version 0.26.1-10-gdfb7c7de75 (webtiles) character file.

Game seed: 6814110254475932184

61 Almogavar the Caller (level 4, -1/32 HPs)
             Began as a Gnoll Wanderer on Mar 31, 2021.
             Slain by an orc
             ... wielding a +2 mace of protection
              (6 damage)
             ... on level 2 of the Dungeon.
             The game lasted 00:08:00 (2351 turns).

Almogavar the Caller (Gnoll Wanderer)               Turns: 2351, Time: 00:08:01

Health: -1/32      AC:  4    Str: 13    XL:     4   Next: 7%
Magic:  7/8        EV: 11    Int: 18    God:
Gold:   123        SH:  0    Dex: 13    Spells: 6/8 levels left

rFire    . . .     SeeInvis .   e - +1 mace (holy)
rCold    . . .     Faith    .   (no shield)
rNeg     . . .     Spirit   .   a - +0 leather armour
rPois    .         Reflect  .   (no helmet)
rElec    .         Harm     .   (no cloak)
rCorr    .         Rampage  .   (no gloves)
Will     .....                  k - +0 pair of boots
Stlth    ++........             (no amulet)
HPRegen  0.10/turn              (no ring)
MPRegen  0.11/turn              (no ring)

@: no status effects
A: distributed training, fangs 1, strong nose
a: no special abilities


You were on level 2 of the Dungeon.
You visited 1 branch of the dungeon, and saw 3 of its levels.

You collected 123 gold pieces.

Inventory:

Hand Weapons
 e - a +1 mace of holy wrath (weapon)
 h - a +1 hunting sling of flaming
Missiles
 i - 65 stones (quivered)
Armour
 a - a +0 leather armour (worn)
 k - a +0 pair of boots (worn)
Scrolls
 c - a scroll of amnesia
 l - 2 scrolls of teleportation
Potions
 f - a potion of heal wounds


   Skills:
 + Level 1.0 Fighting
 + Level 1.0 Short Blades
 + Level 1.0 Long Blades
 + Level 1.0 Axes
 + Level 1.0 Maces & Flails
 + Level 1.0 Polearms
 + Level 1.0 Staves
 + Level 1.0 Slings
 + Level 1.0 Bows
 + Level 1.0 Crossbows
 + Level 1.0 Throwing
 + Level 1.0 Armour
 + Level 1.0 Dodging
 + Level 2.5 Stealth
 + Level 2.7 Shields
 + Level 1.0 Unarmed Combat
 + Level 2.9 Spellcasting
 + Level 0.7 Conjurations
 + Level 2.2 Hexes
 + Level 5.4 Summonings
 + Level 0.7 Necromancy
 + Level 0.7 Translocations
 + Level 0.7 Transmutations
 + Level 3.8 Fire Magic
 + Level 0.7 Ice Magic
 + Level 0.7 Air Magic
 + Level 2.2 Earth Magic
 + Level 0.7 Poison Magic
 + Level 1.1 Invocations
 + Level 1.0 Evocations


You had 6 spell levels left.
You knew the following spells:

 Your Spells              Type           Power        Failure   Level
a - Call Imp              Summ           22%          3%          2

Your spell library contained the following spells:

 Spells                   Type           Power        Failure   Level
 Slow                     Hex            10%          13%         2
 Freeze                   Ice            20%          16%         1
 Magic Dart               Conj           20%          16%         1
 Shock                    Conj/Air       20%          16%         1
 Blink                    Tloc           N/A          24%         2
 Conjure Flame            Conj/Fire      10%          24%         3
 Frozen Ramparts          Ice            10%          43%         3
 Mephitic Cloud           Conj/Pois/Air  5%           43%         3


Dungeon Overview and Level Annotations

Branches:
Dungeon (3/15)

Altars:
Ru
Zin


Innate Abilities, Weirdness & Mutations

Your experience applies equally to all skills.
You have very sharp teeth.
Your uncanny sense of smell can sniff out nearby items.


Message History

The orc hits you with a +0 flail.
The gnoll hits you with a cursed -3 flail.
Your crimson imp barely misses the orc.
You sock the orc!
You kill the orc!
Your crimson imp blinks!
The orc hits you but does no damage.
You hit the orc but do no damage.
Your crimson imp blinks!
The orc hits you with a +2 mace of protection.
You hit the orc but do no damage.
The orc hits you with a +2 mace of protection.
* * * LOW HITPOINT WARNING * * *
The orc hits you with a +2 mace of protection.
* * * LOW HITPOINT WARNING * * *
Your crimson imp blinks!
Things that are here:
a +0 flail; an orc corpse The orc hits you with a +2 mace of protection.
You die...

## #................####.....÷.##
.###.>###...........# #.......##
......###...........####.......##
..#.......####.####...#####.#####
..........# ##..# ##..#####.####
...##..#..###...###....#.##.#..#
..####.##............###.##....#
..# #.##..........### #.####..#
..# #.##.##..##@...## #.###...#
..# #.##.####5o.....# #.....#.#
(.# #....#.).g###...#####..##.#
..# #..###>#### #......)#..##.##
..## #..##).# #...###....##..#
...# #####.## ##### ###.####.#
...######..# #...##.#
.......(...# ###.##.#
.<...####÷## #..#.#


You could see a gnoll, an orc and a friendly crimson imp (summoned).

Vanquished Creatures
  A gnoll (D:2)
  A worm (D:2)
  4 leopard geckos (D:1)
  An orc (D:2)
  A ball python (D:2)
  A giant cockroach (D:1)
  4 goblins
  5 hobgoblins (D:1)
  4 kobolds
  5 bats (D:1)
  2 frilled lizards (D:1)
  5 rats
34 creatures vanquished.

Vanquished Creatures (collateral kills)
  An adder (D:2)
1 creature vanquished.

Grand Total: 35 creatures vanquished

Notes
Turn   | Place    | Note
-------+----------+-------------------------------------------
     0 | D:1      | Almogavar the Gnoll Wanderer began the quest for the Orb.
     0 | D:1      | Almogavar set off with the following items: a +0 club, a +0
                  | robe; and the following spells available to memorise: Call
                  | Imp, Slow, Freeze, Magic Dart, Shock, Conjure Flame, Blink,
                  | Frozen Ramparts, Mephitic Cloud
     0 | D:1      | Reached XP level 1. HP: 13/13 MP: 4/4
   137 | D:1      | Reached XP level 2. HP: 16/19 MP: 5/5
   798 | D:1      | Reached XP level 3. HP: 18/25 MP: 7/7
  1291 | D:2      | Found a sacrificial altar of Ru.
  1310 | D:2      | Reached skill level 1 in Invocations
  1489 | D:2      | Learned a level 2 spell: Call Imp
  1504 | D:2      | Found a glowing silver altar of Zin.
  1577 | D:2      | HP: 1/25 [poisoned by an adder]
  2117 | D:2      | Reached skill level 1 in Fighting
  2117 | D:2      | Reached skill level 1 in Short Blades
  2117 | D:2      | Reached skill level 1 in Long Blades
  2117 | D:2      | Reached skill level 1 in Axes
  2117 | D:2      | Reached skill level 1 in Maces & Flails
  2117 | D:2      | Reached skill level 1 in Polearms
  2117 | D:2      | Reached skill level 1 in Staves
  2117 | D:2      | Reached skill level 1 in Slings
  2117 | D:2      | Reached skill level 1 in Bows
  2117 | D:2      | Reached skill level 1 in Crossbows
  2117 | D:2      | Reached skill level 1 in Throwing
  2117 | D:2      | Reached skill level 1 in Armour
  2117 | D:2      | Reached skill level 1 in Dodging
  2117 | D:2      | Reached skill level 1 in Unarmed Combat
  2117 | D:2      | Reached skill level 1 in Evocations
  2117 | D:2      | Reached XP level 4. HP: 20/32 MP: 8/8
  2351 | D:2      | Slain by an orc

Illustrated notes

Levels and vault maps discovered:
D:1:      dpeg_arrival_tiny_f, layout_rooms
D:2:      layout_rooms, nicolae_overflow_crystal_walls, old_standard_altar
D:3:      layout_basic, tso_metal_star, grunt_decor_clamped, uniq_natasha

Skill      XL: |  1  2  3 |
---------------+----------+-----
Hexes          | 2 |  2.2
Earth Magic    | 2 |  2.2
Invocations    | 1 |  1.1
Fighting       | 1 |  1.0
Short Blades   | 1 |  1.0
Long Blades    | 1 |  1.0
Axes           | 1 |  1.0
Maces & Flails | 1 |  1.0
Polearms       | 1 |  1.0
Staves         | 1 |  1.0
Slings         | 1 |  1.0
Bows           | 1 |  1.0
Crossbows      | 1 |  1.0
Throwing       | 1 |  1.0
Armour         | 1 |  1.0
Dodging        | 1 |  1.0
Unarmed Combat | 1 |  1.0
Evocations     | 1 |  1.0
Stealth        | |  2.5
Shields        | |  2.7
Spellcasting   | |  2.9
Conjurations   | |  0.7
Summonings     | |  5.4
Necromancy     | |  0.7
Translocations | |  0.7
Transmutations | |  0.7
Fire Magic     | |  3.8
Ice Magic      | |  0.7
Air Magic      | |  0.7
Poison Magic   | |  0.7

Action                   |  1- 3 |  4- 6 || total
-------------------------+-------+-------++-------
Melee: Spear             |   109 |       ||   109
       Club              |     3 |       ||     3
       Bite              |     9 |       ||     9
       Mace              |     4 |     4 ||     8
 Fire: Hunting sling     |     4 |       ||     4
Throw: Stone             |    28 |       ||    28
 Cast: Call Imp          |     1 |     1 ||     2
  Use: Scroll            |     5 |       ||     5
 Stab: Sleeping          |     1 |       ||     1
Armor: Robe              |    11 |       ||    11
       Leather armour    |    23 |     1 ||    24
Dodge: Dodged            |    72 |     8 ||    80
